 Dungeon Crawl Stone Soup version 0.25-a0-189-gf71692caf1 (console) character file.

Game seed: 9888883167066760409, levelgen mode: deterministic

24026 Kagalorn the Unseen (level 12, 0/65 HPs)
             Began as a Spriggan Enchanter on Nov 29, 2019.
             Was an Initiate of Gozag.
             Killed from afar by an acid dragon (19 damage)
             ... with a splash of acid
             ... in a Gauntlet.
             The game lasted 01:09:35 (16804 turns).

Kagalorn the Unseen (Spriggan Enchanter)           Turns: 16804, Time: 01:09:36

Health: 0/65       AC:  6    Str:  4    XL:     12   Next: 77%
Magic:  25/27      EV: 27    Int: 22    God:    Gozag
Gold:   2665       SH:  0    Dex: 16    Spells: 21/31 levels left

rFire    . . .     SeeInvis +   a - +4 short sword
rCold    . . .     Gourm    .   (shield restricted)
rNeg     . . .     Faith    .   v - +2 robe {Archmagi}
rPois    +         Spirit   .   (helmet restricted)
rElec    .         Reflect  .   F - +1 cloak
rCorr    .         Harm     .   (gloves unavailable)
MR       ++...     NoTele   +   (boots unavailable)
Stlth    ++++++++..             Z - amulet of the acrobat (curse)
HPRegen  0.20/turn              Y - ring of stealth
MPRegen  0.20/turn              X - ring of poison resistance

@: very quick
A: very small, unfitting armour, see invisible, herbivore, speed 3, slow
metabolism 2
a: Potion Petition, Call Merchant, Bribe Branch, Renounce Religion


You were in a Gauntlet.
You worshipped Gozag.
Gozag was most pleased with you.
You were not hungry.

You visited 3 branches of the dungeon, and saw 15 of its levels.
You also visited: Ossuary and Gauntlet.

You collected 3184 gold pieces.
You spent 456 gold pieces at shops.
You paid 63 gold pieces to Gozag.

Inventory:

Hand Weapons
 a - a +4 short sword (weapon)
 G - a +3 hunting sling of flaming
 J - a +0 shortbow
 Q - a +0 antimagic short sword
 S - a +3 scimitar of flaming
Missiles
 j - 4 atropa-tipped darts
 k - 300 arrows
 l - 69 poisoned darts (quivered)
 s - 71 bolts
 u - 167 stones
 w - 75 sling bullets
 K - a throwing net
Armour
 v - a +2 robe of the Archmagi (worn)
 F - a +1 cloak (worn)
 P - the +4 ice dragon scales "Sudubbuxyq" {rF- rC++ MR+ Int+3 SInv, unknown}
   (You found it on level 3 of the Lair of Beasts)

   It affects your intelligence (+3).
   It makes you vulnerable to fire.
   It greatly protects you from cold.
   It affects your resistance to hostile enchantments.
   It lets you see invisible.
Magical Staves
 b - an uncursed staff of energy
Jewellery
 g - an uncursed ring of ice
 q - an uncursed ring of positive energy
 t - an uncursed ring of wizardry
 C - an uncursed ring of protection from magic {unknown}
 D - an uncursed ring of wizardry
 V - an uncursed ring of flight
 X - a ring of poison resistance (right hand)
 Y - a ring of stealth (left hand)
 Z - a cursed amulet of the acrobat (around neck)
Wands
 c - a wand of iceblast (19)
 z - a wand of acid (17)
 I - a wand of digging (11)
 N - a wand of clouds (1)
Scrolls
 e - 12 scrolls of teleportation
 m - 8 scrolls of enchant armour
 n - 6 scrolls of remove curse
 o - a scroll of fog {unknown}
 p - 6 scrolls of fear
 x - 4 scrolls of enchant weapon
 y - 3 scrolls of magic mapping
 A - a scroll of vulnerability
 H - a scroll of amnesia {unknown}
 L - 2 scrolls of holy word
 M - 2 scrolls of blinking
Potions
 f - 6 potions of curing
 h - 4 potions of haste
 i - 7 potions of heal wounds
 r - 3 potions of magic
 B - a potion of lignification
 E - 3 potions of invisibility
 O - 4 potions of mutation
 R - a potion of berserk rage
 T - a potion of brilliance
 U - 2 potions of resistance
Miscellaneous
 W - a lamp of fire
Comestibles
 d - 21 rations


   Skills:
 * Level 8.3 Fighting
 + Level 9.5 Short Blades
 + Level 10.9 Dodging
 * Level 18.0 Stealth
 - Level 10.0 Spellcasting
 - Level 2.0 Conjurations
 - Level 6.0 Hexes
 - Level 2.0 Ice Magic


You had 21 spell levels left.
You knew the following spells:

 Your Spells              Type           Power        Failure   Level  Hunger
a - Confusing Touch       Hex            ######       1%          1    None
b - Ensorcelled Hibernat  Hex/Ice        #####.       1%          2    None
c - Confuse               Hex            ######..     1%          3    None
d - Dazzling Spray        Conj/Hex       #####.       3%          3    None
l - Corona                Hex            ######.      1%          1    None

Your spell library contained the following spells:

 Spells                   Type           Power        Failure   Level  Hunger
 Tukima's Dance           Hex            ######..     1%          3    None
 Cause Fear               Hex            ######....   4%          4    ##.....
 Spectral Weapon          Hex/Chrm       #####...     5%          3    None
 Shroud of Golubria       Chrm/Tloc      ###...       9%          2    None
 Gell's Gravitas          Tloc           ###.......   19%         3    None
 Regeneration             Chrm/Necr      ###.......   19%         3    None
 Metabolic Englaciation   Hex/Ice        #####.....   32%         5    ####...
 Silence                  Hex/Air        #####.....   43%         5    ####...
 Yara's Violent Unravell  Hex/Tmut       #####.....   43%         5    ####...
 Petrify                  Tmut/Erth      ###.....     52%         4    ##.....
 Venom Bolt               Conj/Pois      ###.......   73%         5    ####...
 Deflect Missiles         Chrm/Air       ###.......   100%        6    ######.
 Discord                  Hex            ######....   100%        8    #######


Dungeon Overview and Level Annotations

Branches:
Dungeon (10/15)            Temple (1/1) D:5            Lair (4/6) D:10
 Shoals (0/4) Lair:3        Snake (0/4) Lair:3          Orc (0/2) D:9
Ossuary (visited)         Gauntlet (1/1)

Altars:
Ashenzari
Cheibriados
Dithmenos
Elyvilon
Fedhas
Gozag
Hepliaklqana
Kikubaaqudgha
Makhleb
Nemelex Xobeh
Okawaru
Qazlal
Ru
Sif Muna
Trog
Uskayaw
Vehumet
Wu Jian
Xom
Yredelemnul
Zin
The Shining One
Lugonu

Shops:
D:5 *   D:9 :

Annotations:
Lair:3 1 runed translucent door, kroki's ghost, journeyman MiFi Gauntlet 7 transporters, 21 runed translucent doors, exclusion: oklob plant


Innate Abilities, Weirdness & Mutations

You are very small and have problems with some larger weapons.
You are too small for most types of armour.
You have supernaturally acute eyesight. (SInv)
You are a herbivore.
You cover ground extremely quickly.
You need to consume almost no food.


Message History

The acid dragon appears confused.
The acid dragon is moderately wounded.
You hit the acid dragon but do no damage.
The acid dragon is moderately wounded.
The acid dragon seems less confused.
The acid dragon misses you. x2
There is a transporter landing site here.
Found a transporter.
You are no longer corroded.
Casting: Confusing Touch (safe; 1% risk of failure)
Confirm with . or Enter, or press ? or * to list all spells.
Aiming: Ensorcelled Hibernation (safe; 1% risk of failure)
Press: ? - help, Shift-Dir - straight line, f - acid dragon
Aim: an acid dragon (lightly wounded, hasn't noticed you, chance to defeat MR: 69%)
You feel a surge of power!
The acid dragon roars!
The acid dragon struggles to resist.
The acid dragon spits acid at you. The splash of acid hits you!!
You die...
Your body crumbles into a pile of gold.

##########...###########..
..#.©.#....≈....#.©.#.....
8.#...#.8.§8≈.8.#...#.8...
..#.©.#....≈.§§.#.©.#.....
##########...###########..
.........#...#D........#..
.#.#.#.#.#...#.##..D##.#..##
..#.#.#..#####..##.##..#..#
.#.#.#.#.#...#..@#.#...#..#
..#.©.#..#©.©#....©#.P©#..#
.#.#.#.#.#...#...#.#..?#..###
..#.#.#..#####..##.##.[#..#8#
.#.#.#.#.#...#.##...##.#..#
..".§....#.8.#.........#..#
##########...###########..#
..........................#8#
.........................≈###


You could see an oklob plant and an acid dragon.

Vanquished Creatures
  Fannar (Lair:3)
  Harold (D:8)
  8 hydras
  2 death yaks (Lair:1)
  A two-headed ogre (D:7)
  Pikel (D:7)
  A deep elf mage (D:8)
  An elephant (Lair:2)
  Joseph (D:9)
  2 black mambas (Lair:2)
  Psyche (D:9)
  A torpor snail (Lair:2)
  3 spiny frogs
  A rime drake (Lair:2)
  An efreet (D:10)
  5 komodo dragons
  A blink frog (Lair:2)
  4 hippogriffs
  2 shadows (Gauntlet)
  A spriggan (D:7)
  A ynoxinul (Gauntlet)
  9 yaks
  A basilisk (Lair:2)
  Grum (D:8)
  A hungry ghost (D:9)
  A water moccasin (Lair:1)
  4 porcupines
  Purgy (D:3)
  6 orc warriors
  A black bear (D:8)
  4 ice beasts
  2 sky beasts
  A necrophage (D:6)
  3 wolves (D:8)
  3 ogres
  8 crocodiles
  7 centaurs
  A big kobold (D:9)
  5 bullfrogs
  A gnoll sergeant (D:8)
  A wyvern skeleton (D:8)
  6 scorpions
  5 wights (D:6)
  A howler monkey (D:5)
  An electric eel (Lair:3)
  4 crimson imps
  5 orc priests
  4 centaur zombies
  5 hounds
  12 orc wizards
  Crazy Yiuf (D:6)
  A bullfrog skeleton (D:5)
  2 centaur skeletons
  3 jellies
  3 iron imps (Gauntlet)
  3 iguanas
  5 worker ants
  A statue (D:9)
  A killer bee zombie (D:7)
  2 big kobold zombies (Ossuary)
  A hound zombie (D:10)
  5 mummies (Ossuary)
  A worker ant zombie (D:3)
  4 gnolls (D:8)
  13 adders
  3 shadow imps
  An ooze (D:1)
  An adder zombie (D:8)
  5 adder skeletons
  5 worms
  2 dart slugs
  5 leopard geckos
  37 orcs
  3 ball pythons
  12 bats
  6 giant cockroaches
  11 goblins
  7 hobgoblins
  11 jackals
  14 kobolds
  7 quokkas
  8 frilled lizards
  5 hobgoblin zombies (Ossuary)
  A leopard gecko skeleton (D:4)
  2 quokka skeletons
  6 rats
342 creatures vanquished.

Vanquished Creatures (others)
  An ogre (D:5)
  A worker ant (D:7)
  An orc (D:7)
  2 fungi (Lair:3)
  3 plants
8 creatures vanquished.

Grand Total: 350 creatures vanquished

Notes
Turn   | Place    | Note
-------+----------+-------------------------------------------
     0 | D:1      | Kagalorn the Spriggan Enchanter began the quest for the
                  | Orb.
     0 | D:1      | Reached XP level 1. HP: 9/9 MP: 5/5
   243 | D:1      | Reached XP level 2. HP: 2/13 MP: 6/6
   270 | D:1      | Learned a level 2 spell: Ensorcelled Hibernation
   759 | D:1      | Reached skill level 5 in Stealth
   807 | D:1      | Reached XP level 3. HP: 15/16 MP: 4/8
  1430 | D:2      | You fall into a shaft and drop 2 floors!
  1471 | D:3      | Found a blossoming altar of Fedhas.
  1505 | D:2      | Reached XP level 4. HP: 10/21 MP: 6/9
  1511 | D:2      | Learned a level 3 spell: Confuse
  1515 | D:2      | Learned a level 3 spell: Dazzling Spray
  1540 | D:2      | Found an iron altar of Okawaru.
  1687 | D:2      | Noticed a phantom
  1777 | D:2      | Reached skill level 6 in Stealth
  1814 | D:2      | Found a shadowy altar of Dithmenos.
  1962 | D:2      | Found a faded altar of an unknown god.
  1962 | D:2      | Found an opulent altar of Gozag.
  1968 | D:2      | Found a basalt altar of Yredelemnul.
  1970 | D:2      | Became a worshipper of Gozag Ym Sagoz the Greedy
  1973 | D:2      | Found a bloodstained altar of Trog.
  1975 | D:2      | Found a faded altar of an unknown god.
  2745 | D:2      | Reached XP level 5. HP: 23/24 MP: 3/11
  2764 | D:3      | Reached skill level 1 in Ice Magic
  2931 | D:3      | Found a shattered altar of Ashenzari.
  2972 | D:3      | Noticed Purgy
  3031 | D:3      | Killed Purgy
  3123 | D:3      | Reached XP level 6. HP: 23/28 MP: 3/13
  3542 | D:3      | Found a sacrificial altar of Ru.
  4097 | D:4      | Reached skill level 7 in Stealth
  4097 | D:4      | Reached skill level 1 in Conjurations
  4103 | D:4      | Reached skill level 5 in Dodging
  4161 | D:4      | HP: 1/28 [poisoned by an orc priest]
  4533 | D:4      | Reached skill level 5 in Hexes
  4699 | D:4      | Reached skill level 5 in Spellcasting
  4699 | D:4      | Reached XP level 7. HP: 32/32 MP: 10/15
  4762 | D:4      | Learned a level 1 spell: Confusing Touch
  5380 | D:5      | Entered Level 5 of the Dungeon
  5605 | D:5      | Found Heoschiukk's Assorted Antiques.
  5608 | D:5      | Bought a scroll labeled DAUWKE EDUM for 19 gold pieces
  5608 | D:5      | Bought a scroll labeled AKEPTUI ZIERRE for 19 gold pieces
  5608 | D:5      | Bought a scroll labeled DAUWKE EDUM for 19 gold pieces
  5608 | D:5      | Bought a scroll labeled SOMIACL DUMEPU for 19 gold pieces
  5608 | D:5      | Bought a scroll labeled QEOMNY FYFIPN for 19 gold pieces
  5608 | D:5      | Bought a short glass wand for 76 gold pieces
  5608 | D:5      | Bought a blackened book for 285 gold pieces
  6070 | D:5      | Found a staircase to the Ecumenical Temple.
  6078 | Temple   | Entered the Ecumenical Temple
  6334 | D:5      | Reached XP level 8. HP: 30/36 MP: 18/20
  6358 | D:5      | Got an ichor-stained dagger
  6443 | D:5      | Found a hazy altar of Hepliaklqana.
  6445 | D:5      | Found a hazy altar of Hepliaklqana.
  6445 | D:5      | Found an ancient bone altar of Kikubaaqudgha.
  6447 | D:5      | Found a radiant altar of Vehumet.
  6447 | D:5      | Found a shimmering altar of Xom.
  6447 | D:5      | Found a shimmering altar of Xom.
  6547 | D:6      | Identified the cursed +1 dagger "Ifitasich" {speed,
                  | *Corrode rC+ Int+4} (You found it on level 5 of the
                  | Dungeon)
  6857 | D:6      | Found a sacrificial altar of Ru.
  7155 | D:6      | Found a shimmering blue altar of Sif Muna.
  7380 | D:6      | Found a runed translucent door.
  7381 | D:6      | Noticed Crazy Yiuf
  7422 | D:6      | Killed Crazy Yiuf
  7422 | D:6      | Reached skill level 8 in Stealth
  7494 | D:6      | Reached skill level 1 in Fighting
  7674 | D:6      | Found a hazy altar of Hepliaklqana.
  7779 | D:7      | Noticed Pikel
  7813 | D:7      | Killed Pikel
  7813 | D:7      | Reached skill level 9 in Stealth
  7813 | D:7      | Reached XP level 9. HP: 30/41 MP: 17/23
  8126 | D:7      | Reached skill level 10 in Stealth
  8267 | D:7      | Reached skill level 10 in Spellcasting
  8382 | D:7      | Found a glowing silver altar of Zin.
  8872 | D:8      | Reached skill level 5 in Short Blades
  8912 | D:8      | Found a sand-covered staircase.
  8974 | Ossuary  | Entered an ossuary
  9330 | D:8      | Noticed Harold
  9347 | D:8      | Killed Harold
  9347 | D:8      | Reached XP level 10. HP: 19/49 MP: 15/25
  9707 | D:8      | Found an ancient bone altar of Kikubaaqudgha.
  9761 | D:8      | Noticed Grum
  9768 | D:8      | Noticed a two-headed ogre
 10067 | D:8      | Killed Grum
 10137 | D:7      | Killed a two-headed ogre
 10137 | D:7      | Reached skill level 10 in Dodging
 10297 | D:8      | Noticed a deep elf mage
 10306 | D:8      | Killed a deep elf mage
 10410 | D:9      | Found a staircase to the Orcish Mines.
 10410 | D:9      | Noticed Joseph
 10426 | D:9      | Killed Joseph
 10426 | D:9      | Reached skill level 5 in Fighting
 10530 | D:9      | Found a stormy altar of Qazlal.
 10644 | D:9      | Found an ornate altar of the Wu Jian Council.
 10769 | D:9      | Reached XP level 11. HP: 27/56 MP: 16/26
 10892 | D:9      | Found Sumabiss's Book Shop.
 11238 | D:9      | Found a radiant altar of Vehumet.
 11444 | D:9      | Noticed Psyche
 11450 | D:9      | Killed Psyche
 11607 | D:10     | Entered Level 10 of the Dungeon
 11832 | D:10     | Found a staircase to the Lair.
 12079 | D:10     | Found a shattered altar of Ashenzari.
 12489 | Lair:1   | Entered Level 1 of the Lair of Beasts
 12639 | Lair:1   | Noticed a six-headed hydra
 12687 | Lair:1   | Killed a six-headed hydra
 12687 | Lair:1   | Reached skill level 11 in Stealth
 13281 | Lair:2   | Noticed a death yak
 13281 | Lair:2   | Noticed a death yak
 13302 | Lair:1   | Killed a death yak
 13302 | Lair:1   | Reached skill level 12 in Stealth
 13430 | Lair:1   | Killed a death yak
 13540 | Lair:2   | Reached skill level 13 in Stealth
 13789 | Lair:2   | Noticed a seven-headed hydra
 13790 | Lair:2   | Noticed a six-headed hydra
 13833 | Lair:2   | Noticed a seven-headed hydra
 13851 | Lair:2   | Reached skill level 14 in Stealth
 13865 | Lair:2   | Killed a seven-headed hydra
 13865 | Lair:2   | Reached XP level 12. HP: 64/64 MP: 15/27
 13972 | Lair:2   | Killed a six-headed hydra
 14103 | Lair:2   | Killed a seven-headed hydra
 14103 | Lair:2   | Reached skill level 15 in Stealth
 14846 | Lair:3   | Reached skill level 16 in Stealth
 15060 | Lair:3   | Noticed a six-headed hydra
 15069 | Lair:3   | Killed a six-headed hydra
 15250 | Lair:3   | Found a runed translucent door.
 15250 | Lair:3   | Found a shimmering altar of Xom.
 15250 | Lair:3   | Noticed kroki's ghost (journeyman MiFi)
 15250 | Lair:3   | Identified the +9 glaive of Fate {chaos, *Noise rPois rF+
                  | Str+3}
 15270 | Lair:3   | Found a staircase to the Shoals.
 15274 | Lair:3   | Noticed a five-headed hydra
 15552 | Lair:3   | Noticed Fannar
 15563 | Lair:3   | Killed Fannar
 15609 | Lair:3   | Found a staircase to the Snake Pit.
 15614 | Lair:3   | Got slimy ice dragon scales
 15676 | Lair:3   | Noticed a seven-headed hydra
 16012 | Lair:3   | Killed a five-headed hydra
 16012 | Lair:3   | Reached skill level 17 in Stealth
 16121 | Lair:3   | Killed a seven-headed hydra
 16215 | Lair:3   | Noticed an eight-headed hydra
 16222 | Lair:3   | Killed an eight-headed hydra
 16564 | Lair:4   | Found a gate leading to a gauntlet.
 16586 | Gauntlet | Entered a Gauntlet
 16586 | Gauntlet | Found a transporter.
 16586 | Gauntlet | Found a transporter.
 16586 | Gauntlet | Found a transporter.
 16590 | Gauntlet | Found a transporter.
 16590 | Gauntlet | Found a transporter.
 16592 | Gauntlet | Found a large runed translucent door.
 16593 | Gauntlet | Found a large runed translucent door.
 16594 | Gauntlet | Found a large runed translucent door.
 16594 | Gauntlet | Found a large runed translucent door.
 16594 | Gauntlet | Found a runed translucent door.
 16595 | Gauntlet | Found a large runed translucent door.
 16596 | Gauntlet | Found a large runed translucent door.
 16597 | Gauntlet | Found a large runed translucent door.
 16597 | Gauntlet | Found a large runed translucent door.
 16598 | Gauntlet | Found a runed translucent gate.
 16600 | Gauntlet | Found a transporter.
 16603 | Gauntlet | Found a runed translucent gate.
 16603 | Gauntlet | Found a transporter.
 16604 | Gauntlet | Found a runed translucent gate.
 16604 | Gauntlet | Found a runed translucent door.
 16609 | Gauntlet | Found a large runed translucent door.
 16609 | Gauntlet | Found a large runed translucent door.
 16610 | Gauntlet | Found a large runed translucent door.
 16611 | Gauntlet | Found a large runed translucent door.
 16620 | Gauntlet | Found a large runed translucent door.
 16620 | Gauntlet | Found a large runed translucent door.
 16621 | Gauntlet | Found a large runed translucent door.
 16622 | Gauntlet | Found a large runed translucent door.
 16629 | Gauntlet | Noticed a death scarab
 16629 | Gauntlet | Noticed a death scarab
 16729 | Gauntlet | Found a transporter.
 16732 | Gauntlet | Found a transporter.
 16734 | Gauntlet | Found a transporter.
 16737 | Gauntlet | Reached skill level 18 in Stealth
 16754 | Gauntlet | Found a transporter.
 16779 | Gauntlet | Found a transporter.
 16804 | Gauntlet | Killed from afar by an acid dragon

Levels and vault maps discovered:
D:1:      sevenhm_arrival_forest_fort_large_4, layout_basic,
          minmay_indecisive_spiral
D:2:      layout_basic, chequers_temple_overflow_minitemple,
          nicolae_dithmenos_through_a_glass_darkly, minmay_misc_feat_room,
          lemuel_altar_in_water2
D:3:      minmay_chambers_of_threes, layout_basic,
          ashenzari_conservatory_becter, old_standard_altar, lemuel_round_altar,
          first_ration, uniq_purgy
D:4:      layout_gridville
D:5:      layout_cave_pools, doesnt_xom_only_xom,
          minmay_temple_entry_large_hall, serial_shops, shop
D:6:      layout_basic, marbit_many_paths, overflow_temple_1_default,
          basic_altar, uniq_crazy_yiuf_cottage
D:7:      layout_basic, zin_academy, the_bakery, uniq_pikel
D:8:      layout_basic, overflow_temple_1_default,
          lightli_ossuary_entry_decrepit_ruins, guppyfry_early_elven_hall,
          uniq_grum, uniq_harold
D:9:      layout_stronghold, nicolae_qazlal_general_emergency,
          old_standard_altar, vehumet_statue, serial_shops, nicolae_shop_trees,
          serial_column_ruins, column_ruins_open_small,
          column_ruins_open_small_water, column_ruins_open_tiny,
          column_ruins_corridor_dead_end, column_ruins_open_small,
          column_ruins_columns_corner, uniq_psyche, uniq_joseph
D:10:     layout_irregular_city, lair_entry_dummy, serial_column_ruins,
          column_ruins_hut, column_ruins_circle_small,
          column_ruins_corridor_straight, column_ruins_corridor_straight,
          column_ruins_open_tiny, column_ruins_grid_3, basic_altar
Temple:   corrupted_temple
Lair:1:   layout_gridlike
Lair:2:   layout_hall_layers, minmay_shattered_shrine
Lair:3:   layout_small_grid, minmay_shoals_entry_centaurs, dummy_snake_entry,
          ebering_ghost_xom, nicolae_quartered_pool_medium,
          infiniplex_staircase_pool_2, uniq_fannar
Lair:4:   layout_long_grid, portal_ice_cave_rime, ebering_ghost_rock_garden,
          gauntlet_entry_generic, grunt_forest_stairs_basic,
          serial_bayou_shore_b
Gauntlet: gammafunk_gauntlet_shortcut [gammafunk_gauntlet_arena_chambers,
          minmay_gauntlet_arena_make_your_own_arena,
          gammafunk_gauntlet_arena_corners, gammafunk_gauntlet_arena_grid,
          gammafunk_gauntlet_arena_split_x, nicolae_gauntlet_arena_quarters,
          gauntlet_exit_hidden_loot]

Skill      XL: |  1  2  3  4  5  6  7  8  9 10 11 12 |
---------------+-------------------------------------+-----
Hexes          | 4 5 6 |  6.0
Spellcasting   | 3 4 5 7 9 10 | 10.0
Stealth        | 5 6 7 9 10 14 18 | 18.0
Dodging        | 4 5 6 8 10 | 10.9
Ice Magic      | 1 2 |  2.0
Conjurations   | 1 2 |  2.0
Short Blades   | 3 6 8 9 |  9.5
Fighting       | 1 3 5 7 8 |  8.3

Action                   |  1- 3 |  4- 6 |  7- 9 | 10-12 || total
-------------------------+-------+-------+-------+-------++-------
Melee: Dagger            |    73 |       |   165 |    71 ||   309
       Short sword       |   104 |   285 |   319 |   494 ||  1202
 Cast: Corona            |     1 |       |       |       ||     1
       Ensorcelled Hiber |    15 |    60 |    64 |   128 ||   267
       Confuse           |       |     6 |    14 |    10 ||    30
       Confusing Touch   |       |       |    61 |    64 ||   125
       Dazzling Spray    |       |       |       |     5 ||     5
  Use: Potion            |       |     1 |     1 |       ||     2
       Scroll            |       |       |    14 |    12 ||    26
 Stab: Sleeping          |    18 |    33 |    44 |    84 ||   179
       Confused          |       |     5 |    50 |    55 ||   110
       Distracted        |       |     2 |       |     1 ||     3
       Invisible         |       |       |       |     4 ||     4
  Eat: Ration            |       |     2 |     3 |     4 ||     9
Armor: Robe              |    32 |    16 |    34 |    45 ||   127
Dodge: Dodged            |   225 |   284 |   357 |   395 ||  1261

Table legend:
 A = Non-vault XP
 B = Vault XP
 C = Vault XP percentage of total XP
 D = Non-vault monster count
 E = Vault monster count
 F = Vault count percentage of total count
                 A         B        C        D         E       F
            +---------+---------+-------+---------+---------+-------
      Total |   22305 |   12018 |  35.0 |     279 |      64 |  18.7
            +---------+---------+-------+---------+---------+-------
        D:1 |      49 |       6 |  10.9 |      25 |       4 |  13.8
        D:2 |     143 |       0 |   0.0 |      28 |       0 |   0.0
        D:3 |      81 |     188 |  69.9 |      18 |      13 |  41.9
        D:4 |     561 |       0 |   0.0 |      26 |       0 |   0.0
        D:5 |     430 |       0 |   0.0 |      17 |       0 |   0.0
        D:6 |    1039 |      41 |   3.8 |      26 |       1 |   3.7
        D:7 |    1877 |     856 |  31.3 |      20 |       2 |   9.1
        D:8 |    1886 |    2042 |  52.0 |      31 |       6 |  16.2
        D:9 |    2141 |     942 |  30.6 |      30 |       3 |   9.1
       D:10 |    1819 |     137 |   7.0 |      24 |       1 |   4.0
     Lair:1 |    3946 |       0 |   0.0 |       9 |       0 |   0.0
     Lair:2 |    1673 |    5624 |  77.1 |       6 |      11 |  64.7
     Lair:3 |    6282 |    1196 |  16.0 |      18 |       3 |  14.3
     Lair:4 |     378 |       0 |   0.0 |       1 |       0 |   0.0
    Ossuary |       0 |     227 | 100.0 |       0 |      14 | 100.0
   Gauntlet |       0 |     759 | 100.0 |       0 |       6 | 100.0
            +---------+---------+-------+---------+---------+-------
